MID
WISCONSIN TIMBER RATTLERS @ AUGUSTA GREENJACKETS
05/27/2048
 
TOP OF THE 1ST
Wisconsin Timber Rattlers batting - Pitching for Augusta GreenJackets : RHP Josh Henderson
Pitching: RHP Josh Henderson
Batting: RHB Hector Silva 0-0: Foul Ball, location: 2F
0-1: Foul Ball, location: 2F
0-2: Ball
1-2: Ball
2-2: Ground out 5-3 (Groundball, 15, EV 93.8 MPH)
Batting: RHB Ryan Miller 0-0: Ball
1-0: Ball
2-0: Called Strike
2-1: Called Strike
2-2: Foul Ball, location: 2F
2-2: SINGLE (Groundball, 34D, EV 96.2 MPH)
Batting: LHB Karel Hort 0-0: Ball
1-0: Called Strike
Ryan Miller is caught stealing 2nd base 2-6
1-1: Foul Ball, location: 2F
1-2: Ground out U3 (Groundball, 3, EV 83.8 MPH)
Top of the 1st over - 0 runs, 1 hit, 0 errors, 0 left on base; Wisconsin 0 - Augusta 0
BOTTOM OF THE 1ST
Augusta GreenJackets batting - Pitching for Wisconsin Timber Rattlers : RHP Settan Suzuki
Pitching: RHP Settan Suzuki
Batting: RHB Ryan Bentz 0-0: Called Strike
0-1: Ball
1-1: Swinging Strike
1-2: Foul Ball, location: 2F
1-2: Ball
2-2: Strikes out looking
Batting: RHB Armando Ramirez 0-0: Swinging Strike
0-1: Swinging Strike
0-2: DOUBLE (Groundball, 3L, EV 108.1 MPH)
Batting: RHB Coen Dirks 0-0: Ground out 2-3 (Groundball, 2L, EV 71.9 MPH)
Armando Ramirez to third
Batting: LHB Oscar Tamayo 0-0: Ball
1-0: Ball
2-0: SINGLE (Groundball, 34D, EV 95.0 MPH)
Armando Ramirez scores
Batting: RHB Vinny Torres 0-0: Fly out, F8 (Flyball, 8RXD, EV 91.2 MPH)
Bottom of the 1st over - 1 run, 2 hits, 0 errors, 1 left on base; Wisconsin 0 - Augusta 1
TOP OF THE 2ND
Wisconsin Timber Rattlers batting - Pitching for Augusta GreenJackets : RHP Josh Henderson
Batting: SHB Ramon Perez 0-0: Foul Ball, location: 2F
0-1: Ball
1-1: Called Strike
1-2: Fly out, F8 (Flyball, 8LD, EV 74.4 MPH)
Batting: LHB Mark Backstrom 0-0: Fly out, F6 (Popup, 6M, EV 50.6 MPH)
Batting: RHB Alfredo Sena 0-0: Swinging Strike
0-1: Swinging Strike
0-2: Fly out, F8 (Flyball, 8LM, EV 95.0 MPH)
Top of the 2nd over - 0 runs, 0 hits, 0 errors, 0 left on base; Wisconsin 0 - Augusta 1
BOTTOM OF THE 2ND
Augusta GreenJackets batting - Pitching for Wisconsin Timber Rattlers : RHP Settan Suzuki
Batting: RHB Ryan Roberts 0-0: Ball
1-0: Ground out 6-3 (Groundball, 6, EV 85.6 MPH)
Batting: RHB Tsugio Yamaguchi 0-0: Ground out 4-3 (Groundball, 4, EV 87.5 MPH)
Batting: RHB Mike Storey 0-0: Ball
1-0: Called Strike
1-1: Ball
2-1: Foul Ball, location: 2F
2-2: Ball
3-2: Base on Balls
Batting: RHB Chris Kulik 0-0: Ball
1-0: Fly out, F9 (Line Drive, 9LM, EV 95.0 MPH)
Bottom of the 2nd over - 0 runs, 0 hits, 0 errors, 1 left on base; Wisconsin 0 - Augusta 1
TOP OF THE 3RD
Wisconsin Timber Rattlers batting - Pitching for Augusta GreenJackets : RHP Josh Henderson
Batting: RHB Juan Villanueva 0-0: Ball
1-0: Ground out 4-3 (Groundball, 34, EV 86.9 MPH)
Batting: RHB Dan Allred 0-0: Ball
1-0: Ball
2-0: Called Strike
2-1: SOLO HOME RUN (Flyball, 78XD, EV 110.0 MPH), Distance : 425 ft
Batting: RHB Dusty Bates 0-0: Called Strike
0-1: Fly out, F7 (Flyball, 7D, EV 103.8 MPH)
Batting: RHB Hector Silva 0-0: Ground out 4-3 (Groundball, 4, EV 80.6 MPH)
Top of the 3rd over - 1 run, 1 hit, 0 errors, 0 left on base; Wisconsin 1 - Augusta 1
BOTTOM OF THE 3RD
Augusta GreenJackets batting - Pitching for Wisconsin Timber Rattlers : RHP Settan Suzuki
Batting: RHB Ryan Bentz 0-0: Called Strike
0-1: Foul Ball, location: 2F
0-2: Ground out 6-3 (Groundball, 6M, EV 100.6 MPH)
Batting: RHB Armando Ramirez 0-0: Swinging Strike
0-1: Foul Ball, location: 2F
0-2: Ball
1-2: Ground out 2-3 (Groundball, 13S, EV 71.9 MPH)
Batting: RHB Coen Dirks 0-0: Foul Ball, location: 2F
0-1: Ball
1-1: SINGLE (Groundball, 4D, EV 96.9 MPH)
Batting: LHB Oscar Tamayo 0-0: Ball
Pickoff Throw to First - Out! 1-3 CS
Bottom of the 3rd over - 0 runs, 1 hit, 0 errors, 0 left on base; Wisconsin 1 - Augusta 1
TOP OF THE 4TH
Wisconsin Timber Rattlers batting - Pitching for Augusta GreenJackets : RHP Josh Henderson
Batting: RHB Ryan Miller 0-0: Called Strike
0-1: Foul Ball, location: 2F
0-2: SOLO HOME RUN (Flyball, 78XD, EV 100.0 MPH), Distance : 412 ft
Batting: LHB Karel Hort 0-0: Ball
1-0: Ball
2-0: Foul Ball, location: 2F
2-1: Ground out 6-3 (Groundball, 4, EV 86.2 MPH)
Batting: SHB Ramon Perez 0-0: Ball
1-0: Ground out 4-3 (Groundball, 34D, EV 90.0 MPH)
Batting: LHB Mark Backstrom 0-0: SINGLE (Groundball, 3D, EV 98.1 MPH)
Batting: RHB Alfredo Sena 0-0: Ground out 5-3 (Groundball, 56S, EV 66.9 MPH)
Top of the 4th over - 1 run, 2 hits, 0 errors, 1 left on base; Wisconsin 2 - Augusta 1
BOTTOM OF THE 4TH
Augusta GreenJackets batting - Pitching for Wisconsin Timber Rattlers : RHP Settan Suzuki
Batting: LHB Oscar Tamayo 0-0: Fly out, F6 (Popup, 4M, EV 56.2 MPH)
Batting: RHB Vinny Torres 0-0: Ball
1-0: Foul Ball, location: 2F
1-1: Ball
2-1: Ball
3-1: Base on Balls
Batting: RHB Ryan Roberts 0-0: Ball
1-0: Ball
2-0: Called Strike
2-1: Ball
3-1: Called Strike
3-2: TRIPLE (Flyball, 78XD, EV 106.2 MPH)
Vinny Torres scores
Batting: RHB Tsugio Yamaguchi 0-0: Ground out 6-3 (Groundball, 56, EV 80.0 MPH)
Ryan Roberts scores
Batting: RHB Mike Storey 0-0: Foul Ball, location: 2F
0-1: Ball
1-1: Ball
2-1: Foul Ball, location: 2F
2-2: Ball
3-2: Foul Ball, location: 2F
3-2: Foul Ball, location: 2F
3-2: Ground out 6-3 (Groundball, 56, EV 103.8 MPH)
Bottom of the 4th over - 2 runs, 1 hit, 0 errors, 0 left on base; Wisconsin 2 - Augusta 3
TOP OF THE 5TH
Wisconsin Timber Rattlers batting - Pitching for Augusta GreenJackets : RHP Josh Henderson
Batting: RHB Juan Villanueva 0-0: Ball
1-0: Foul Ball, location: 2F
1-1: Foul Ball, location: 2F
1-2: Strikes out swinging, 2-3 out at first.
Batting: RHB Dan Allred 0-0: Ball
1-0: Foul Ball, location: 2F
1-1: Ball
2-1: Ground out 6-3 (Groundball, 6, EV 93.8 MPH)
Batting: RHB Dusty Bates 0-0: Ball
1-0: Called Strike
1-1: Fly out, F8 (Flyball, 8RM, EV 89.4 MPH)
Top of the 5th over - 0 runs, 0 hits, 0 errors, 0 left on base; Wisconsin 2 - Augusta 3
BOTTOM OF THE 5TH
Augusta GreenJackets batting - Pitching for Wisconsin Timber Rattlers : RHP Settan Suzuki
Batting: RHB Chris Kulik 0-0: Called Strike
0-1: Swinging Strike
0-2: Strikes out looking
Batting: RHB Ryan Bentz 0-0: Called Strike
0-1: Ball
1-1: Ball
2-1: Called Strike
2-2: Strikes out swinging
Batting: RHB Armando Ramirez 0-0: Ball
1-0: Fly out, F9 (Flyball, 9LD, EV 103.1 MPH)
Bottom of the 5th over - 0 runs, 0 hits, 0 errors, 0 left on base; Wisconsin 2 - Augusta 3
TOP OF THE 6TH
Wisconsin Timber Rattlers batting - Pitching for Augusta GreenJackets : RHP Josh Henderson
Batting: RHB Hector Silva 0-0: Ball
1-0: Foul Ball, location: 2F
1-1: Fly out, F8 (Line Drive, 89M, EV 86.9 MPH)
Batting: RHB Ryan Miller 0-0: Called Strike
0-1: Foul Ball, location: 2F
0-2: Ball
1-2: Foul Ball, location: 2F
1-2: Ball
2-2: Strikes out swinging
Batting: LHB Karel Hort 0-0: Foul Ball, location: 2F
0-1: Foul Ball, location: 2F
0-2: Ball
1-2: Strikes out swinging
Top of the 6th over - 0 runs, 0 hits, 0 errors, 0 left on base; Wisconsin 2 - Augusta 3
BOTTOM OF THE 6TH
Augusta GreenJackets batting - Pitching for Wisconsin Timber Rattlers : RHP Settan Suzuki
Batting: RHB Coen Dirks 0-0: Ground out 1-3 (Groundball, 13S, EV 72.5 MPH)
Batting: LHB Oscar Tamayo 0-0: Ground out 4-3 (Groundball, 34D, EV 80.0 MPH)
Batting: RHB Vinny Torres 0-0: Ball
1-0: Ball
2-0: Ball
3-0: Called Strike
3-1: Called Strike
3-2: Strikes out swinging
Bottom of the 6th over - 0 runs, 0 hits, 0 errors, 0 left on base; Wisconsin 2 - Augusta 3
TOP OF THE 7TH
Wisconsin Timber Rattlers batting - Pitching for Augusta GreenJackets : RHP Josh Henderson
Batting: SHB Ramon Perez 0-0: Ball
1-0: Called Strike
1-1: Ground out 6-3 (Groundball, 4, EV 85.6 MPH)
Pitching: RHP Brian Yinger
Batting: LHB Mark Backstrom 0-0: Swinging Strike
0-1: Ball
1-1: Called Strike
1-2: Ball
2-2: Strikes out swinging
Batting: RHB Alfredo Sena 0-0: Swinging Strike
0-1: Swinging Strike
0-2: Ball
1-2: Ball
2-2: Foul Ball, location: 2F
2-2: DOUBLE (Flyball, 89D, EV 103.1 MPH)
Batting: RHB Juan Villanueva 0-0: Called Strike
0-1: Foul Ball, location: 2F
0-2: Foul Ball, location: 2F
0-2: Fly out, F8 (Flyball, 8LS, EV 90.6 MPH)
Top of the 7th over - 0 runs, 1 hit, 0 errors, 1 left on base; Wisconsin 2 - Augusta 3
BOTTOM OF THE 7TH
Augusta GreenJackets batting - Pitching for Wisconsin Timber Rattlers : RHP Settan Suzuki
Batting: RHB Ryan Roberts 0-0: Ground out 5-3 (Groundball, 5, EV 83.1 MPH)
Batting: RHB Tsugio Yamaguchi 0-0: DOUBLE (Groundball, 5L, EV 105.0 MPH)
Batting: RHB Mike Storey 0-0: Ball
1-0: Ball
2-0: Called Strike
2-1: Swinging Strike
Passed Ball!
Tsugio Yamaguchi to third
2-2: Strikes out looking
Batting: RHB Chris Kulik 0-0: Ball
1-0: Swinging Strike
1-1: Reached on error, E6 (Groundball, 6, EV 100.6 MPH)
Tsugio Yamaguchi scores
Batting: RHB Ryan Bentz 0-0: Swinging Strike
0-1: Ground out 6-3 (Groundball, 6S, EV 66.9 MPH)
Bottom of the 7th over - 1 run, 1 hit, 1 error, 1 left on base; Wisconsin 2 - Augusta 4
TOP OF THE 8TH
Wisconsin Timber Rattlers batting - Pitching for Augusta GreenJackets : RHP Brian Yinger
Pitching: LHP Jimmy Heinecke
Batting: RHB Dan Allred 0-0: Ball
1-0: Foul Ball, location: 2F
1-1: Foul Ball, location: 2F
1-2: Foul Ball, location: 2F
1-2: Strikes out looking
Batting: RHB Dusty Bates 0-0: Called Strike
0-1: Ball
1-1: Foul Ball, location: 2F
1-2: Fly out, F8 (Flyball, 89M, EV 71.2 MPH)
Batting: RHB Hector Silva 0-0: Ball
1-0: Called Strike
1-1: Foul Ball, location: 2F
1-2: Ball
2-2: Fly out, F8 (Line Drive, 8LM, EV 89.4 MPH)
Top of the 8th over - 0 runs, 0 hits, 0 errors, 0 left on base; Wisconsin 2 - Augusta 4
BOTTOM OF THE 8TH
Augusta GreenJackets batting - Pitching for Wisconsin Timber Rattlers : RHP Settan Suzuki
Batting: RHB Armando Ramirez 0-0: Ball
1-0: SINGLE (Flyball, 6MD, EV 90.0 MPH)
Pitching: RHP Jon Warren
Batting: RHB Coen Dirks 0-0: Called Strike
0-1: Swinging Strike
Armando Ramirez steals 2nd, throwing error, E2
Armando Ramirez to third
0-2: Ball
1-2: Foul Ball, location: 2F
1-2: Strikes out looking
Batting: LHB Oscar Tamayo 0-0: Intentional Walk
Batting: RHB Vinny Torres 0-0: Foul Ball, location: 2F
0-1: Called Strike
0-2: Ball
1-2: Strikes out swinging
Batting: RHB Ryan Roberts 0-0: Called Strike
0-1: Foul Ball, location: 2F
0-2: Ball
1-2: Ball
2-2: Ball
3-2: Base on Balls
Oscar Tamayo to second
Batting: RHB Tsugio Yamaguchi 0-0: Ball
1-0: Foul Ball, location: 2F
1-1: Foul Ball, location: 2F
1-2: Ball
2-2: Strikes out swinging
Bottom of the 8th over - 0 runs, 1 hit, 1 error, 3 left on base; Wisconsin 2 - Augusta 4
TOP OF THE 9TH
Wisconsin Timber Rattlers batting - Pitching for Augusta GreenJackets : LHP Jimmy Heinecke
Pitching: RHP Sam Drews
Now in CF: Teruhide Horiuchi
Batting: RHB Ryan Miller 0-0: Fly out, F9 (Flyball, 9, EV 91.9 MPH)
Batting: LHB Karel Hort 0-0: Foul Ball, location: 2F
0-1: Ball
1-1: Called Strike
1-2: Strikes out looking
Batting: SHB Ramon Perez 0-0: Ball
1-0: Ball
2-0: Ball
3-0: Called Strike
3-1: Called Strike
3-2: Strikes out swinging
Top of the 9th over - 0 runs, 0 hits, 0 errors, 0 left on base; Wisconsin 2 - Augusta 4
Tuesday, March 28th , 2023 - OOTP Baseball 23.10 Build 110